 Dungeon Crawl Stone Soup version 0.27.1-3-gb3d3a73c9e (webtiles) character file.

Game seed: 7925886736826017433

109 horus123 the Covered (level 5, -2/41 HPs)
             Began as a Human Fighter on Oct 28, 2021.
             Slain by a hobgoblin (8 damage)
             ... on level 2 of the Dungeon.
             The game lasted 00:04:03 (1440 turns).

horus123 the Covered (Human Fighter)                Turns: 1440, Time: 00:04:04

Health: -2/41      AC:  9    Str: 18    XL:     5   Next: 13%
Magic:  5/5        EV:  7    Int:  8    God:
Gold:   70         SH:  9    Dex: 12    Spells: 4/4 levels left

rFire    . . .     SeeInvis .   a - +0 war axe
rCold    . . .     Faith    .   c - +0 kite shield
rNeg     . . .     Spirit   .   b - +0 scale mail
rPois    .         Reflect  .   j - +0 helmet
rElec    .         Harm     .   (no cloak)
rCorr    .         Rampage  .   k - +0 pair of gloves
Will     .....                  (no boots)
Stlth    ..........             (no amulet)
HPRegen  0.13/turn              (no ring)
MPRegen  0.09/turn              (no ring)

@: mighty
A: no striking features
a: no special abilities


You were on level 2 of the Dungeon.
You visited 1 branch of the dungeon, and saw 2 of its levels.

You collected 70 gold pieces.

Inventory:

Hand Weapons
 a - a +0 war axe (weapon)
Missiles
 i - 4 javelins (quivered)
Armour
 b - a +0 scale mail (worn)
 c - a +0 kite shield (worn)
 g - a +2 buckler
 j - a +0 helmet (worn)
 k - a +0 pair of gloves (worn)
Potions
 d - a potion of might
 e - 2 potions of haste {unknown}
 f - a potion of heal wounds {unknown}
 m - a potion of degeneration {unknown}


   Skills:
 + Level 3.3 Fighting
 + Level 2.8 Axes
 + Level 4.2 Armour
 + Level 0.1 Dodging
 + Level 3.6 Shields


You had 4 spell levels left.
You didn't know any spells.
Your spell library contained the following spells:

 Spells                   Type           Power      Damage    Failure   Level
 Pain                     Necr           0%         1d4       99%         1
 Agony                    Necr           0%         N/A       100%        5
 Excruciating Wounds      Necr           0%         N/A       100%        5


Dungeon Overview and Level Annotations

Branches:
Dungeon (2/15)

Altars:


Message History

You block the hobgoblin's attack.
Robin hits you from afar with a +0 spear.
The hobgoblin hits you.
* * * LOW HITPOINT WARNING * * *
You slash the hobgoblin!
You kill the hobgoblin!
You miss the bat. You block the bat's attack.
Robin hits you but does no damage. The bat hits you but does no damage.
Robin hits you from afar with a +0 spear.
* * * LOW HITPOINT WARNING * * *
You have reached level 5!
You feel better. You block the bat's attack.
The bat hits you but does no damage.
Robin hits you from afar with a +0 spear.
You block the bat's attack. The bat hits you but does no damage.
Robin hits you but does no damage.
You see here a hobgoblin corpse.
You barely miss Robin. You block the bat's attack.
The bat completely misses you. Robin hits you but does no damage.
You hit Robin but do no damage. You block the bat's attack.
Robin hits you but does no damage. The bat hits you but does no damage.
Robin hits you but does no damage.
Your shield prevents you from hitting Robin.
You completely miss the bat. The bat hits you but does no damage.
A hobgoblin comes into view. It is wielding a +0 scimitar.
Robin hits you with a +0 spear.
* * * LOW HITPOINT WARNING * * *
You block the bat's attack.
The hobgoblin shouts!
You slash Robin!
You kill Robin!
You slash the bat!
You kill the bat!
Things that are here:
a +0 club; a goblin corpse You barely miss the hobgoblin.
The hobgoblin hits you with a +0 scimitar.
* * * LOW HITPOINT WARNING * * *
The hobgoblin hits you with a +0 scimitar!
You die...

###......#.# #.
.
#.######.#####
. #.######.<...
#. #..†.......#
#.
#####))....###
#. #))....... .
#.†.......
######.))......
.......@.....##
#####.g........
...........##
####........#
#.######## ..
... .###


You could see a hobgoblin.

Vanquished Creatures
  Natasha (D:2)
  Robin (D:2)
  An adder (D:2)
  A dart slug (D:2)
  9 endoplasms
  2 giant cockroaches
  7 hobgoblins
  2 jackals (D:2)
  5 kobolds
  2 quokkas
  5 ball pythons
  6 bats
  2 frilled lizards
  10 goblins
  5 rats
59 creatures vanquished.

Notes
Turn   | Place    | Note
-------+----------+-------------------------------------------
     0 | D:1      | horus123 the Human Fighter began the quest for the Orb.
     0 | D:1      | Reached XP level 1. HP: 18/18 MP: 1/1
   151 | D:1      | Reached XP level 2. HP: 12/24 MP: 2/2
   634 | D:1      | Reached XP level 3. HP: 29/29 MP: 3/3
  1271 | D:2      | Noticed Natasha
  1276 | D:2      | Killed Natasha
  1277 | D:2      | Reached skill level 4 in Armour
  1277 | D:2      | Reached XP level 4. HP: 32/35 MP: 4/4
  1413 | D:2      | Noticed Robin
  1427 | D:2      | HP: 1/35 [goblin[Robin] (3)]
  1432 | D:2      | Reached XP level 5. HP: 7/41 MP: 5/5
  1437 | D:2      | Killed Robin
  1440 | D:2      | Slain by a hobgoblin

Illustrated notes

Levels and vault maps discovered:
D:1:      saegor_arrival_simple_d, layout_rooms
D:2:      layout_basic, minmay_pentomino_q2, uniq_natasha, uniq_robin

Skill      XL: |  1  2  3 |
---------------+----------+-----
Armour         | 4 |  4.2
Fighting       | |  3.3
Axes           | |  2.8
Dodging        | |  0.1
Shields        | |  3.6

Action                   |  1- 3 |  4- 6 || total
-------------------------+-------+-------++-------
Melee: War axe           |    70 |    38 ||   108
Throw: Javelin           |     3 |       ||     3
  Use: Scroll            |     1 |     2 ||     3
       Potion            |       |     4 ||     4
Armor: Scale mail        |    38 |    64 ||   102
Dodge: Dodged            |    22 |    26 ||    48
Block: Kite shield       |    54 |    40 ||    94
